 Dungeon Crawl Stone Soup version 0.23-a0-395-gcf17ac6 (webtiles) character file.

80000 HDogLeCool the Blocker (level 15, -8/119 HPs)
             Began as a Demonspawn Fighter on Nov 1, 2018.
             Was an Initiate of Gozag.
             Mangled by an orc warlord
             ... wielding a +4 war axe of flaming
              (13 damage)
             ... on level 11 of the Dungeon on Nov 2, 2018.
             The game lasted 01:49:06 (23961 turns).

HDogLeCool the Blocker (Demonspawn Fighter)        Turns: 23961, Time: 01:49:07

Health: -8/119     AC: 14    Str: 30    XL:     15   Next: 22%
Magic:  0/21       EV:  9    Int: 13    God:    Gozag
Gold:   491        SH: 16    Dex: 12    Spells: 15/22 levels left

rFire    . . .     SeeInvis .     - Unarmed
rCold    . . .     Gourm    .   T - +2 shield {rN+}
rNeg     + . .     Faith    .   W - +3 chain mail
rPois    +         Spirit   +   (helmet restricted)
rElec    .         Reflect  .   v - scarf {cloud immunity}
rCorr    .         Harm     .   (gloves unavailable)
MR       +....                  (no boots)
Stlth    ..........             n - amulet of regeneration
HPRegen  0.69/turn              h - ring of poison resistance
MPRegen  0.34/turn              K - +5 ring of strength

@: mighty
A: claws 3, horns 2, talons 2, magic shield, magic regeneration
a: Potion Petition, Call Merchant, Bribe Branch, Renounce Religion


You were on level 11 of the Dungeon.
You worshipped Gozag.
Gozag was aware of your devotion.
You were not hungry.

You visited 3 branches of the dungeon, and saw 19 of its levels.

You collected 6578 gold pieces.
You spent 1387 gold pieces at shops.
You paid 4700 gold pieces to Gozag.

Inventory:

Missiles
 e - 724 stones (quivered)
 L - 3 throwing nets
Armour
 v - a scarf of cloud immunity (worn)
 S - a +1 cloak
 T - a +2 shield of positive energy (worn)
 W - a +3 chain mail (worn)
Jewellery
 h - a ring of poison resistance (left claw)
 n - an amulet of regeneration (around neck)
 x - an uncursed ring of wizardry
 C - an uncursed amulet of magic regeneration
 K - a +5 ring of strength (right claw)
 O - the ring "Siess" {rC+ Int+4}
   (You bought it in a shop on level 11 of the Dungeon)

   [ring of intelligence]

   It affects your intelligence (+4).
   It protects you from cold.
Wands
 c - a wand of acid (16)
 y - a wand of iceblast (14)
 z - a wand of polymorph (15)
 E - a wand of digging (13)
 F - a wand of paralysis (14)
 H - a wand of flame (31)
 P - a wand of enslavement (8)
 Q - a wand of random effects (16)
Scrolls
 a - 6 scrolls of remove curse
 b - 2 scrolls of fear {unknown}
 d - 6 scrolls of amnesia
 g - a scroll of magic mapping {unknown}
 i - 4 scrolls of fog
 l - 5 scrolls of identify
 m - 3 scrolls of immolation
 o - 4 scrolls of enchant weapon
 r - 9 scrolls of teleportation
 w - 2 scrolls of random uselessness {unknown}
 A - 2 scrolls of enchant armour {unknown}
 G - a scroll of brand weapon {unknown}
 I - a scroll of blinking
 N - a scroll of vulnerability {unknown}
 X - a scroll of silence
Potions
 j - a potion of ambrosia
 k - a potion of berserk rage {unknown}
 p - 7 potions of curing
 q - 5 potions of haste
 s - 3 potions of agility
 t - 4 potions of cancellation
 u - 2 potions of brilliance
 B - a potion of heal wounds
 D - 2 potions of flight
 R - a potion of lignification
 U - 4 potions of mutation
 V - 3 potions of degeneration {unknown}
Miscellaneous
 J - a phial of floods
Comestibles
 f - 13 rations


   Skills:
 + Level 11.4 Fighting
   Level 2.8 Axes
 - Level 10.0 Armour
 * Level 14.2 Shields
 + Level 13.1 Unarmed Combat
 - Level 4.0 Spellcasting
 - Level 2.0 Air Magic
 * Level 6.9 Poison Magic


You had 15 spell levels left.
You knew the following spells:

 Your Spells              Type           Power        Failure   Level  Hunger
a - Animate Skeleton      Necr           N/A          65%         1    None
b - Poisonous Vapours     Pois/Air       ##....       22%         2    ##.....
c - Olgreb's Toxic Radia  Pois           ###.....     45%         4    ####...

Your spell library contained the following spells:

 Spells                   Type           Power        Failure   Level  Hunger
 Sting                    Conj/Pois      ##..         22%         1    None
 Mephitic Cloud           Conj/Pois/Air  ##......     63%         3    ###....
 Magic Dart               Conj           #...         65%         1    None
 Pain                     Necr           #...         65%         1    None
 Sandblast                Erth           #.....       65%         1    None
 Summon Small Mammal      Summ           #...         65%         1    None
 Blink                    Tloc           N/A          80%         2    ##.....
 Call Imp                 Summ           #.......     80%         2    ##.....
 Passwall                 Tmut/Erth      #.......     80%         2    ##.....
 Searing Ray              Conj           #.....       80%         2    ##.....
 Slow                     Hex            #.......     80%         2    ##.....
 Call Canine Familiar     Summ           #.......     95%         3    ###....
 Conjure Flame            Conj/Fire      #.......     95%         3    ###....
 Dazzling Spray           Conj/Hex       #.....       95%         3    ###....
 Regeneration             Chrm/Necr      #.........   95%         3    ###....
 Stone Arrow              Conj/Erth      #.....       95%         3    ###....
 Summon Guardian Golem    Hex/Summ       #.......     95%         3    ###....
 Vampiric Draining        Necr           #.........   95%         3    ###....
 Summon Lightning Spire   Summ/Air       #.......     99%         4    ####...
 Venom Bolt               Conj/Pois      ##........   99%         5    ######.
 Animate Dead             Necr           N/A          100%        4    ####...
 Force Lance              Conj/Tloc      #.......     100%        4    ####...
 Fulminant Prism          Conj/Hex       #.........   100%        4    ####...
 Iskenderun's Mystic Bla  Conj           #.......     100%        4    ####...
 Petrify                  Tmut/Erth      #.......     100%        4    ####...
 Summon Ice Beast         Ice/Summ       #.......     100%        4    ####...
 Lee's Rapid Deconstruct  Erth           #.........   100%        5    ######.


Dungeon Overview and Level Annotations

Branches:
Dungeon (12/15)            Temple (0/1) D:5            Lair (6/6) D:8
 Shoals (0/4) Lair:4        Snake (0/4) Lair:2        Slime (0/5) Lair:6
    Orc (1/2) D:11

Altars:
Ashenzari
Cheibriados
Dithmenos
Elyvilon
Fedhas
Gozag
Hepliaklqana
Kikubaaqudgha
Nemelex Xobeh
Qazlal
Ru
Sif Muna
Uskayaw
Xom
The Shining One

Shops:
D:6 :(   D:10 =(*   D:11 *   D:12 ?


Innate Abilities, Weirdness & Mutations

You have claws for hands.
You have a pair of horns on your head.
You have razor-sharp toenails.
When hurt, damage is shared between your health and your magic reserves.
You regenerate magic rapidly.


Message History

You feel a little less agile now.
The orc warlord hits you with a +4 war axe of flaming!!
* * * LOW HITPOINT WARNING * * *
The orc warlord burns you!
* * * LOW HITPOINT WARNING * * *
Quiver which item? (- for none, * to show all) (? for menu, Esc to quit)
Okay, then.
You feel much better. You block the orc warlord's attack.
The orc warlord blocks your attack.
You claw the orc warlord.
The orc warlord is almost dead.
The orc warlord blocks your attack.
Your kick misses the orc warlord.
The orc warlord is almost dead.
You block the orc warlord's attack.
You claw the orc warlord! You claw the orc warlord.
The orc warlord is almost dead.
The orc warlord hits you with a +4 war axe of flaming!!
* * * LOW HITPOINT WARNING * * *
The orc warlord burns you!
You die...
Your body crumbles into a pile of gold.

#.#..........
#.....)......
###.#########
###########.#
#.........#.#
#.........#.#
#.........#.#
#.........[.#
#...@.=...###
#####o######
#........########
#...............#
#...........#.#.##
#...........#8#..#
#...........#[##.#
###'#.)....8.∩.8.#
#.#.......#.####


You could see an orc warlord.

Vanquished Creatures
  Rupert (D:12)
  Snorg (Lair:6)
  Josephine (Lair:5)
  An ogre mage (D:12)
  Fannar (D:11)
  6 hydras
  An anaconda (Lair:4)
  A catoblepas (Lair:6)
  A centaur warrior (D:8)
  16 death yaks
  A tengu warrior (D:11)
  8 two-headed ogres
  A deep troll shaman (Lair:6)
  Nergalle (Lair:1)
  An unseen horror (D:8)
  12 elephants
  An ugly thing (D:11)
  9 black mambas
  Maurice (D:11)
  21 spiny frogs
  2 torpor snails
  3 gargoyles
  A rime drake (Lair:4)
  2 kobold demonologists (D:12)
  8 komodo dragons
  A merfolk (D:9)
  4 polar bears
  12 blink frogs
  5 trolls
  3 tyrant leeches (Lair:3)
  A hornet (D:8)
  6 hippogriffs
  A snapping turtle (Lair:4)
  8 dream sheep (Lair:6)
  Sigmund (D:3)
  4 wyverns
  5 wraiths (Lair:6)
  Eustachio (D:5)
  47 yaks
  A water elemental (D:12)
  A steam dragon (Lair:3)
  4 basilisks
  2 hungry ghosts
  9 swamp worms
  Menkaure (D:6)
  An acid dragon (D:11)
  24 water moccasins
  5 porcupines
  6 black bears
  A hornet zombie (D:11)
  2 ice beasts
  9 orc warriors
  5 sky beasts
  2 necrophages
  A phantom (D:12)
  13 wolves
  8 ogres
  2 centaurs
  12 crocodiles
  23 bullfrogs
  6 big kobolds
  An elf skeleton (D:9)
  3 gnoll sergeants (D:11)
  3 scorpions
  19 killer bees
  9 wights
  3 howler monkeys
  12 electric eels
  5 crimson imps
  2 bullfrog zombies
  3 centaur zombies
  3 human zombies (D:9)
  8 orc priests
  Crazy Yiuf (D:6)
  9 hounds
  10 jellies
  2 centaur skeletons
  2 bullfrog skeletons
  16 orc wizards
  Jessica (D:3)
  3 iguanas
  2 human skeletons (D:9)
  3 worker ants
  2 hound skeletons
  A mummy (D:9)
  2 worker ant zombies
  9 gnolls
  20 adders
  3 shadow imps
  4 oozes
  6 adder skeletons
  2 adder zombies
  6 worms
  2 dart slugs
  3 leopard geckos
  62 orcs
  2 bats (D:1)
  2 giant cockroaches
  8 goblins
  15 hobgoblins
  9 jackals
  8 quokkas
  2 ball pythons
  9 frilled lizards
  26 kobolds
  A leopard gecko zombie (D:5)
  An orc skeleton (D:9)
  3 orc zombies (D:9)
  9 rats
676 creatures vanquished.

Vanquished Creatures (others)
  A rime drake (Lair:6)
  A komodo dragon (Lair:6)
  A swamp worm (Lair:3)
  A bush (Lair:6)
  11 fungi
  30 plants
45 creatures vanquished.

Grand Total: 721 creatures vanquished

Notes
Turn   | Place    | Note
-------+----------+-------------------------------------------
     0 | D:1      | HDogLeCool the Demonspawn Fighter began the quest for the
                  | Orb.
     0 | D:1      | Reached XP level 1. HP: 18/18 MP: 1/1
    77 | D:1      | Gained mutation: You have a pair of small horns on your
                  | head. [demonic ancestry]
    77 | D:1      | Reached XP level 2. HP: 17/24 MP: 2/2
   588 | D:1      | Gained mutation: You have sharp fingernails. [demonic
                  | ancestry]
   588 | D:1      | Reached XP level 3. HP: 12/29 MP: 3/3
   872 | D:1      | Reached skill level 3 in Shields
  1438 | D:2      | Gained mutation: You have very sharp fingernails. [demonic
                  | ancestry]
  1438 | D:2      | Reached XP level 4. HP: 31/35 MP: 4/4
  1725 | D:2      | Found a stormy altar of Qazlal.
  2121 | D:3      | Reached XP level 5. HP: 36/42 MP: 5/5
  2127 | D:3      | Reached skill level 1 in Unarmed Combat
  2205 | D:3      | Noticed Jessica
  2227 | D:3      | Killed Jessica
  2255 | D:3      | Noticed Sigmund
  2292 | D:3      | Noticed an orc warrior
  2332 | D:3      | Killed an orc warrior
  2332 | D:3      | Reached skill level 4 in Shields
  2332 | D:3      | Reached XP level 6. HP: 38/48 MP: 6/6
  2471 | D:3      | Found a shimmering altar of Xom.
  2473 | D:3      | Found a blossoming altar of Fedhas.
  2475 | D:3      | Found a hazy altar of Hepliaklqana.
  2580 | D:3      | Found a hide-covered altar of Uskayaw.
  2580 | D:3      | Found a white marble altar of Elyvilon.
  2582 | D:3      | Found a shattered altar of Ashenzari.
  2583 | D:3      | Found an opulent altar of Gozag.
  2648 | D:3      | Found a glowing golden altar of the Shining One.
  2789 | D:3      | Became a worshipper of Gozag Ym Sagoz the Greedy
  2908 | D:3      | Killed Sigmund
  2908 | D:3      | Gained mutation: You have sharp toenails. [demonic
                  | ancestry]
  2908 | D:3      | Reached XP level 7. HP: 35/54 MP: 7/7
  3386 | D:4      | Reached skill level 5 in Shields
  3655 | D:4      | Found a sparkling altar of Nemelex Xobeh.
  3845 | D:4      | Found a snail-covered altar of Cheibriados.
  3845 | D:4      | Found a sacrificial altar of Ru.
  4096 | D:5      | Entered Level 5 of the Dungeon
  4108 | D:5      | Gained mutation: You have claws for hands. [demonic
                  | ancestry]
  4108 | D:5      | Reached XP level 8. HP: 61/61 MP: 8/8
  4163 | D:5      | Found a staircase to the Ecumenical Temple.
  4517 | D:5      | Reached skill level 5 in Fighting
  4535 | D:5      | Reached skill level 6 in Shields
  5068 | D:5      | Reached skill level 5 in Unarmed Combat
  5213 | D:6      | Found a sparkling altar of Nemelex Xobeh.
  5257 | D:6      | Reached skill level 5 in Armour
  5461 | D:6      | Reached XP level 9. HP: 61/68 MP: 9/9
  5509 | D:6      | Noticed Menkaure
  5517 | D:6      | Killed Menkaure
  5534 | D:6      | Reached skill level 7 in Shields
  5774 | D:6      | Found Nuck's Book Shop.
  5777 | D:6      | Bought a book of Necromancy for 360 gold pieces
  5781 | D:6      | Learned a level 1 spell: Animate Skeleton
  5846 | D:6      | Found Ekobud's Antique Weapon Shop.
  5923 | D:6      | Noticed Eustachio
  6001 | D:5      | Killed Eustachio
  6077 | D:6      | Found a runed door.
  6199 | D:6      | Noticed Crazy Yiuf
  6206 | D:6      | Killed Crazy Yiuf
  6378 | D:7      | Found a deep blue altar of Sif Muna.
  6949 | D:7      | Reached skill level 8 in Shields
  7218 | D:7      | Gained mutation: When hurt, damage is shared between your
                  | health and your magic reserves. [demonic ancestry]
  7218 | D:7      | Reached XP level 10. HP: 68/77 MP: 10/10
  8012 | D:8      | Noticed a gargoyle
  8024 | D:8      | Killed a gargoyle
  8083 | D:8      | Found a staircase to the Lair.
  8125 | D:8      | Reached skill level 9 in Shields
  8176 | D:8      | Killed an unseen horror
  8267 | D:8      | Identified the cursed +2 quarterstaff of Valour {pain,
                  | *Rage rElec Int+4 Dex+3}
  8267 | D:8      | Noticed a centaur warrior
  8281 | D:8      | Killed a centaur warrior
  8720 | D:8      | Found the +5 scythe "Finisher" {speed, Str+3}
  8846 | D:9      | Reached XP level 11. HP: 56/84 MP: 6/11
  8910 | D:9      | Found a shimmering altar of Xom.
  8915 | D:9      | Found a shimmering altar of Xom.
  8915 | D:9      | Found a shimmering altar of Xom.
  9138 | D:9      | Found an ancient bone altar of Kikubaaqudgha.
  9435 | D:9      | Noticed a two-headed ogre
  9443 | D:9      | Killed a two-headed ogre
  9660 | D:9      | Reached skill level 10 in Shields
  9917 | D:9      | Found a shimmering altar of Xom.
 10161 | D:9      | Noticed a great orb of eyes
 10261 | D:9      | Noticed an ettin
 10299 | D:10     | Entered Level 10 of the Dungeon
 10480 | D:10     | Found Kileun's Antique Weapon Shop.
 10488 | D:10     | Noticed a two-headed ogre
 10664 | D:10     | Found Dealun's Assorted Antiques.
 10799 | D:10     | Found a shadowy altar of Dithmenos.
 11040 | D:10     | Found Baovuapn's Jewellery Boutique.
 11114 | D:10     | Killed a two-headed ogre
 11497 | D:11     | Found Dyr Imy's Assorted Antiques.
 11506 | D:11     | Reached skill level 10 in Unarmed Combat
 11521 | D:11     | Bought a scroll labeled DOQILI OVAT for 36 gold pieces
 11521 | D:11     | Bought a moonstone ring for 180 gold pieces
 11521 | D:11     | Bought a twitching tin ring for 180 gold pieces
 11521 | D:11     | Bought a scroll labeled UZEF WUORAUFFA for 36 gold pieces
 11522 | D:11     | Identified the ring "Siess" {rC+ Int+4} (You bought it in a
                  | shop on level 11 of the Dungeon)
 11835 | D:11     | Noticed a tengu warrior
 11835 | D:11     | Noticed a green ugly thing
 11957 | Lair:1   | Entered Level 1 of the Lair of Beasts
 12233 | Lair:1   | Noticed Nergalle
 12241 | Lair:1   | Killed Nergalle
 12241 | Lair:1   | Gained mutation: You have razor-sharp toenails. [demonic
                  | ancestry]
 12241 | Lair:1   | Reached XP level 12. HP: 91/94 MP: 12/12
 13130 | Lair:2   | Reached skill level 11 in Shields
 13241 | Lair:2   | Found a staircase to the Snake Pit.
 14311 | D:11     | Found a staircase to the Orcish Mines.
 14460 | D:11     | Noticed Fannar
 14486 | D:11     | Killed Fannar
 14564 | D:11     | Noticed a two-headed ogre
 14574 | D:11     | Killed a two-headed ogre
 14654 | D:11     | Killed a tengu warrior
 14954 | D:11     | Noticed Maurice
 14965 | D:11     | Killed Maurice
 15327 | Lair:3   | Reached skill level 12 in Shields
 15355 | Lair:3   | Reached XP level 13. HP: 101/101 MP: 13/13
 16415 | Lair:3   | Reached skill level 10 in Fighting
 17561 | Lair:4   | Learned a level 2 spell: Poisonous Vapours
 17566 | Lair:4   | Learned a level 4 spell: Olgreb's Toxic Radiance
 18097 | Lair:4   | Found a staircase to the Shoals.
 18261 | Lair:5   | Reached skill level 1 in Poison Magic
 18476 | Lair:5   | Reached skill level 1 in Spellcasting
 19100 | Lair:6   | Entered Level 6 of the Lair of Beasts
 19109 | Lair:6   | Noticed Snorg
 19115 | Lair:5   | Reached skill level 13 in Shields
 19255 | Lair:6   | Killed Snorg
 19330 | Lair:5   | Reached skill level 10 in Armour
 19330 | Lair:5   | Gained mutation: You regenerate magic rapidly. [demonic
                  | ancestry]
 19330 | Lair:5   | Reached XP level 14. HP: 81/111 MP: 16/16
 19567 | Lair:6   | Noticed Josephine
 19844 | Lair:5   | Killed Josephine
 19974 | Lair:5   | Reached skill level 1 in Air Magic
 20498 | Lair:6   | Found a staircase to the Slime Pits.
 21448 | Lair:6   | Reached skill level 5 in Poison Magic
 22344 | Orc:1    | Entered Level 1 of the Orcish Mines
 22352 | Orc:1    | Noticed an orc warlord
 22848 | D:12     | Noticed Rupert
 22868 | D:12     | Paralysed by Rupert for 2 turns
 22899 | D:12     | Paralysed by Rupert for 2 turns
 23137 | D:12     | Killed Rupert
 23137 | D:12     | Reached skill level 14 in Shields
 23137 | D:12     | Gained mutation: You have a pair of horns on your head.
                  | [demonic ancestry]
 23137 | D:12     | Reached XP level 15. HP: 119/119 MP: 19/21
 23758 | D:12     | Bought a scroll of acquirement for 520 gold pieces
 23758 | D:12     | Bought a scroll of silence for 75 gold pieces
 23961 | D:11     | HP: 5/119 [orc warlord/+4 war axe of flaming (28)]
 23961 | D:11     | Mangled by an orc warlord

Vault maps used:
D:1:      sevenhm_arrival_forest_fort_large_4, kennysheep_crisscross,
          grunt_decor_fettered, minmay_cupped
D:2:      grunt_qazlal_clouds, roderic_roman_lattice
D:3:      marbit_many_paths, grunt_temple_overflow_open, uniq_jessica,
          uniq_sigmund
D:4:      nemelex_xobeh_ov_fountains_minmay, gammafunk_temple_overflow_elements,
          first_ration
D:5:      minmay_temple_entry_mist, kennysheep_generic_room_16
D:6:      serial_shops, kennysheep_mini_moat, shop, serial_bayou_pond_b,
          grunt_ministairs_9, palyth_stone_intersect,
          nemelex_lonely_heart_becter, uniq_menkaure, uniq_crazy_yiuf_cottage,
          uniq_eustachio
D:7:      basic_altar
D:8:      minmay_the_grid_triangle_9x9_rhombus_thin, lair_entry_dummy
D:9:      lemuel_mausoleum_altar_kikubaaqudgha, hangedman_fish_farm,
          xom_shifter_show
D:10:     serial_shops, shop, shop, nicolae_shop_overgrown_old_shop,
          grunt_dithmenos_shadows
D:11:     kennysheep_orc_monster_closet_entryway, serial_shops,
          nicolae_shop_statue_plus, uniq_fannar, uniq_maurice
D:12:     argonaut_augean_stables, uniq_rupert
Lair:1:   beast_lair_carwin_9, infiniplex_staircase_pool, serial_bayou_shore_a,
          uniq_nergalle
Lair:2:   minmay_snake_entry_six_corridors, serial_bayou_pond_c,
          grunt_forest_small_clearings
Lair:3:   cheibrodos_lair_river_kwai, worms_lemuel, grunt_megastairs_1
Lair:4:   beast_lair_carwin_large_3, minmay_shoals_entry_hut,
          serial_bayou_shore_b
Lair:5:   serial_bayou_shore_b, grunt_megastairs_3, serial_bayou_shore_b
Lair:6:   grunt_lair_end_beastmaster, nicolae_slime_entry_slimehenge,
          serial_bayou, serial_bayou_pond_a, serial_bayou_pond_e,
          serial_bayou_pond_c, serial_bayou_pond_a, serial_bayou_ford_a,
          serial_bayou_crossing, hibernation_bobbens, uniq_josephine, uniq_snorg

Skill      XL: |  1  2  3  4  5  6  7  8  9 10 11 12 13 14 15 |
---------------+----------------------------------------------+-----
Axes           | 2 |  2.8
Armour         | 3 4 5 6 7 8 10 | 10.0
Shields        | 3 4 5 6 8 9 10 12 13 14 | 14.2
Unarmed Combat | 2 3 4 5 7 8 10 11 12 13 | 13.1
Fighting       | 4 5 6 7 8 9 10 11 | 11.4
Poison Magic   | 1 6 |  6.9
Spellcasting   | 1 4 |  4.0
Air Magic      | 2 |  2.0

Action                   |  1- 3 |  4- 6 |  7- 9 | 10-12 | 13-15 || total
-------------------------+-------+-------+-------+-------+-------++-------
Melee: War axe           |   133 |       |       |       |       ||   133
       Headbutt          |    17 |    33 |    60 |   163 |   229 ||   502
       Unarmed           |       |   187 |   413 |   811 |   972 ||  2383
       Kick              |       |       |   125 |   271 |   367 ||   763
Throw: Stone             |       |       |     2 |     7 |     5 ||    14
Invok: Potion Petition   |       |       |     2 |     1 |     6 ||     9
       Call Merchant     |       |       |       |       |     1 ||     1
Evoke: Wand              |       |       |     1 |    13 |     8 ||    22
  Use: Scroll            |       |     1 |     8 |     9 |     5 ||    23
       Potion            |       |     2 |     3 |     2 |     4 ||    11
 Stab: Distracted        |       |       |     2 |     1 |     3 ||     6
       Paralysed         |       |       |       |     8 |     3 ||    11
       Invisible         |       |       |       |       |     1 ||     1
  Eat: Chunk             |     2 |     5 |       |       |       ||     7
       Ration            |       |       |     4 |     9 |     8 ||    21
Armor: Scale mail        |    73 |    51 |   101 |   149 |   164 ||   538
       Skin              |       |     4 |       |       |       ||     4
       Chain mail        |       |       |       |       |    99 ||    99
Dodge: Dodged            |    59 |    33 |    88 |   168 |   236 ||   584
Block: Shield            |    70 |    77 |   165 |   343 |   581 ||  1236

Table legend:
 A = Non-vault XP
 B = Vault XP
 C = Vault XP percentage of total XP
 D = Non-vault monster count
 E = Vault monster count
 F = Vault count percentage of total count
                 A         B        C        D         E       F
            +---------+---------+-------+---------+---------+-------
      Total |   71203 |   43084 |  37.7 |     507 |     170 |  25.1
            +---------+---------+-------+---------+---------+-------
        D:1 |      52 |      10 |  16.1 |      29 |       5 |  14.7
        D:2 |     105 |       2 |   1.9 |      25 |       1 |   3.8
        D:3 |     386 |     275 |  41.6 |      34 |       2 |   5.6
        D:4 |     484 |       0 |   0.0 |      19 |       0 |   0.0
        D:5 |     736 |     308 |  29.5 |      20 |       5 |  20.0
        D:6 |    1441 |     212 |  12.8 |      33 |       3 |   8.3
        D:7 |    2567 |       0 |   0.0 |      40 |       0 |   0.0
        D:8 |    1241 |    3098 |  71.4 |      12 |      17 |  58.6
        D:9 |    4613 |     666 |  12.6 |      35 |      13 |  27.1
       D:10 |    3428 |      11 |   0.3 |      26 |       1 |   3.7
       D:11 |    5568 |    2738 |  33.0 |      37 |      22 |  37.3
       D:12 |    9636 |    9364 |  49.3 |      49 |      15 |  23.4
     Lair:1 |    1752 |    1510 |  46.3 |      12 |       5 |  29.4
     Lair:2 |    5053 |    1438 |  22.2 |      19 |      12 |  38.7
     Lair:3 |    5650 |    6719 |  54.3 |      21 |      24 |  53.3
     Lair:4 |    5103 |    3302 |  39.3 |      16 |      10 |  38.5
     Lair:5 |   11382 |    1549 |  12.0 |      34 |       6 |  15.0
     Lair:6 |   11997 |   11882 |  49.8 |      43 |      29 |  40.3
      Orc:1 |       9 |       0 |   0.0 |       3 |       0 |   0.0
            +---------+---------+-------+---------+---------+-------
